 Dungeon Crawl Stone Soup version 0.16.1-16-gc44b35d (webtiles) character file.

1921 hulla the Transmogrifier (level 9, -12/59 HPs)
             Began as an Octopode Transmuter on Apr 15, 2015.
             Killed from afar by a steam dragon (23 damage)
             ... with a ball of steam
             ... on level 8 of the Dungeon.
             The game lasted 00:51:09 (10669 turns).

hulla the Transmogrifier (Octopode Transmuter)     Turns: 10669, Time: 00:51:09

Health: -12/59     AC:  2    Str: 10      XL:     9   Next: 17%
Magic:  22/23      EV: 19    Int: 18      God:
Gold:   360        SH:  0    Dex: 11 (17) Spells: 4 memorised, 2 levels left

rFire  . . .     SeeInvis .       - Unarmed
rCold  . . .     Clarity  .     (shield currently unavailable)
rNeg   . . .     SustAb   .     (helmet currently unavailable)
rPois  x         Gourm    .     o - amulet of resist corrosion
rElec  .         Spirit   .     s - ring of magical power
rCorr  +         Warding  .     (no ring)
rMut   .         Stasis   .     (no ring)
MR     .....                    (no ring)
Stlth  +.........               (no ring)
                                (no ring)
                                (no ring)
                                (no ring)

@: spider-form (expiring), very slightly contaminated, not resistant to hostile
enchantments, very unstealthy
A: almost no armour, amphibious, 8 rings, (constrict 8), (camouflage 0),
(gelatinous body 0)
a: End Transformation


You were on level 8 of the Dungeon.
You were not hungry.
You were a venomous arachnid creature.
You visited 1 branch of the dungeon, and saw 8 of its levels.

You collected 360 gold pieces.

Inventory:

Hand weapons
 a - a +0 hunting sling
Missiles
 b - 38 arrows
 j - 14 sling bullets
 p - 80 stones (quivered)
 E - 13 poisoned needles
Jewellery
 o - an amulet of resist corrosion (around neck)
 s - a ring of magical power (left front leg)
Magical devices
 q - a wand of flame (25)
 C - a wand of lightning (11)
Scrolls
 e - a scroll of fog
 k - a scroll of enchant weapon {unknown}
 v - a scroll of remove curse
Potions
 f - 2 potions of might
 g - 2 potions of magic
 h - a potion of curing
 n - a potion of haste
 r - 3 potions of agility
 w - 2 potions of cancellation {unknown}
Books
 d - a book of Changes

   Spells                             Type                      Level
   a - Beastly Appendage              Transmutation                1
   b - Sticks to Snakes               Transmutation                2
   c - Spider Form                    Transmutation/Poison         3
   d - Ice Form                       Ice/Transmutation            4
   e - Blade Hands                    Transmutation                5
 y - an Akashic Record {highlevel, unknown}

   This book is beyond your current level of understanding.

   Spells                             Type                      Level
   a - Dispersal                      Translocation                6
   b - Controlled Blink               Translocation                7
   c - Malign Gateway                 Summoning/Translocation      7
   d - Disjunction                    Translocation                8
   e - Singularity                    Translocation                9
Comestibles
 t - a royal jelly
 u - 5 slices of pizza
 x - 3 meat rations
 z - 5 chunks of flesh
 A - 2 bread rations
 B - 3 poisonous chunks of flesh


   Skills:
 - Level 4.6 Fighting
 - Level 2.0 Dodging
 + Level 5.1 Unarmed Combat
 - Level 2.0 Spellcasting
 - Level 8.0 Transmutations
 - Level 5.1 Ice Magic
 - Level 3.2 Poison Magic


You had 2 spell levels left.
You knew the following spells:

 Your Spells              Type           Power        Failure   Level  Hunger
a - Beastly Appendage     Trmt           ####..       4%          1    #......
b - Spider Form           Trmt/Pois      ###.......   17%         3    ###....
c - Sticks to Snakes      Trmt           ####......   4%          2    ###....
d - Ice Form              Ice/Trmt       ####....     32%         4    #####..


Dungeon Overview and Level Annotations

Branches:
Dungeon (8/15)             Temple (0/1) D:7
   Lair: D:8-11

Altars:
Ashenzari
Cheibriados
Dithmenos
Elyvilon
Fedhas
Kikubaaqudgha
Qazlal
Sif Muna
Vehumet
Zin
The Shining One

Annotations:
D:3 1 exclusion, Rayvis' ghost, average MiFi
D:5 Eustachio
D:6 gabygaby's ghost, experienced OpTm


Innate Abilities, Weirdness & Mutations

You cannot wear most types of armour.
You are amphibious.
You can wear up to eight rings at the same time.
((You can use your tentacles to constrict many enemies at once.))
((Your skin changes colour to match your surroundings (Stealth).))
((Your rubbery body absorbs attacks (AC +1).))


Message History

Blink to where?
Press: ? - help, Dir - move target cursor You are very lightly contaminated with residual magic.
As you read the scroll of blinking, it crumbles to dust.
The fungus is engulfed in a cloud of scalding steam.
Really crawl into that cloud of steam? [Y]es or [N]o only, please.
Really crawl into that cloud of steam?
You are engulfed in a cloud of scalding steam.
* * * LOW HITPOINT WARNING * * *
The fungus is engulfed in a cloud of scalding steam.
The fungus is engulfed in a cloud of scalding steam. x4
You kill the steam dragon!
Your Unarmed Combat skill increases to level 5!
You hit the fungus.
The fungus is lightly damaged.
The fungus is engulfed in a cloud of scalding steam. x3
The steam dragon breathes steam at you. The ball of steam hits you!
You die...

#.P^..## #....?"..
##≈P.P# ##..####.
#....# #..# #.
##...# #..# #.
#≈.≈# #..# #) #P.P#
#..# ##(
#P.P#######..###(.
#.P##..........'(.
#sP##........###..
##§P##.............
#^§≈##..........≈..
#≈.≈# ..........≈..
#≈D^# ..........≈≈.
#≈.≈# ..........(≈.
#§.P# .............
#P.P# #######.≈...
#.§§P≈# #.....


There were no monsters in sight!

Vanquished Creatures
  A steam dragon (D:8)
  A water moccasin (D:4)
  An orc warrior (D:8)
  3 ogres
  A centaur (D:7)
  A giant frog (D:6)
  A big kobold (D:8)
  3 scorpions
  A crimson imp (D:8)
  2 quasits
  3 hounds
  3 orc priests
  2 gnoll shamans (D:5)
  2 jellies (D:5)
  4 worker ants
  2 orc wizards (D:7)
  A hound zombie (D:5)
  A worker ant zombie (D:6)
  13 gnolls
  9 adders
  3 giant mites
  4 worms
  2 shadow imps
  2 adder skeletons
  3 giant geckos
  An ooze (D:3)
  11 orcs
  2 ball pythons
  15 bats
  2 bat skeletons
  A bat zombie (D:6)
  2 giant cockroaches
  12 goblins
  15 hobgoblins
  5 quokkas
  5 giant newts
  15 kobolds
  16 rats
171 creatures vanquished.

Vanquished Creatures (others)
  9 plants (D:8)
9 creatures vanquished.

Grand Total: 180 creatures vanquished

Notes
Turn   | Place    | Note
--------------------------------------------------------------
     0 | D:1      | hulla, the Octopode Transmuter, began the quest for the Orb.
     0 | D:1      | Reached XP level 1. HP: 13/13 MP: 3/3
   527 | D:1      | Reached XP level 2. HP: 12/18 MP: 4/4
  1102 | D:2      | Found a blossoming altar of Fedhas.
  1106 | D:2      | Reached XP level 3. HP: 23/23 MP: 4/6
  1111 | D:2      | Learned a level 3 spell: Spider Form
  1123 | D:2      | Learned a level 2 spell: Sticks to Snakes
  1366 | D:2      | Reached skill level 1 in Poison Magic
  1649 | D:2      | Reached XP level 4. HP: 26/28 MP: 7/7
  1849 | D:2      | Reached skill level 4 in Transmutations
  2467 | D:3      | Reached XP level 5. HP: 33/33 MP: 9/9
  2493 | D:3      | Found a snail-covered altar of Cheibriados.
  3269 | D:3      | Found a radiant altar of Vehumet.
  3395 | D:3      | Noticed Rayvis' ghost (average MiFi)
  3414 | D:3      | Found an ancient bone altar of Kikubaaqudgha.
  4554 | D:4      | Reached XP level 6. HP: 39/42 MP: 10/10
  4640 | D:4      | Noticed a phantom
  4861 | D:4      | Noticed a water moccasin
  5074 | D:4      | Killed a water moccasin
  5974 | D:5      | Entered Level 5 of the Dungeon
  5998 | D:5      | Reached XP level 7. HP: 42/49 MP: 12/12
  6004 | D:5      | Learned a level 4 spell: Ice Form
  6271 | D:5      | Found a shattered altar of Ashenzari.
  6271 | D:5      | Found a glowing golden altar of the Shining One.
  6290 | D:5      | Reached skill level 1 in Ice Magic
  6874 | D:5      | Found a glowing silver altar of Zin.
  6874 | D:5      | Found a deep blue altar of Sif Muna.
  7035 | D:5      | Reached skill level 5 in Transmutations
  7488 | D:6      | Found a white marble altar of Elyvilon.
  7563 | D:6      | Reached XP level 8. HP: 50/54 MP: 13/13
  7769 | D:6      | Noticed Eustachio
  8783 | D:6      | Noticed gabygaby's ghost (experienced OpTm)
  8887 | D:7      | Reached skill level 5 in Ice Magic
  8987 | D:7      | Reached skill level 6 in Transmutations
  9038 | D:7      | Found a shadowy altar of Dithmenos.
  9363 | D:7      | Found a stormy altar of Qazlal.
  9598 | D:7      | Found a staircase to the Ecumenical Temple.
 10230 | D:8      | Reached skill level 7 in Transmutations
 10449 | D:8      | Reached XP level 9. HP: 57/59 MP: 14/14
 10490 | D:8      | Reached skill level 8 in Transmutations
 10513 | D:8      | Found a deep blue altar of Sif Muna.
 10668 | D:8      | Reached skill level 5 in Unarmed Combat
 10669 | D:8      | Killed from afar by a steam dragon

Action                   |  1- 3 |  4- 6 |  7- 9 || total
-------------------------+-------+-------+-------++-------
Melee: Unarmed           |    59 |   197 |   339 ||   595
Throw: Stone             |       |    10 |    10 ||    20
 Cast: Beastly Appendage |     8 |    15 |     4 ||    27
       Spider Form       |       |    23 |    42 ||    65
       Sticks to Snakes  |       |     3 |       ||     3
       Ice Form          |       |       |     2 ||     2
 Abil: End Transformatio |       |     1 |     7 ||     8
  Use: Potion            |       |     3 |     4 ||     7
       Scroll            |       |       |    16 ||    16
 Stab: Sleeping          |     2 |     2 |     1 ||     5
  Eat: Chunk             |     2 |    10 |    15 ||    27
       Fruit             |       |     1 |       ||     1
       Bread ration      |       |     2 |     1 ||     3
